 Dungeon Crawl Stone Soup version 0.23.2-1-ga50397a6bc (webtiles) character file.

Game seed: 3877375643167830751

550 KleinerIrrer the Magician (level 7, -4/46 HPs)
             Began as a Mummy Fire Elementalist on Apr 26, 2019.
             Slain by a cyan ugly thing (16 damage)
             ... on level 6 of the Dungeon.
             The game lasted 00:21:07 (5133 turns).

KleinerIrrer the Magician (Mummy Fire Elementalist) Turns: 5133, Time: 00:21:08

Health: -4/46      AC:  2    Str: 15    XL:     7   Next: 7%
Magic:  10/15      EV: 15    Int: 17    God:
Gold:   229        SH:  0    Dex: 12    Spells: 9/17 levels left

rFire    x . .     SeeInvis .   p - +0 spear (freeze)
rCold    + . .     Gourm    .   (no shield)
rNeg     + + +     Faith    .   a - +0 robe
rPois    ∞         Spirit   .   (no helmet)
rElec    .         Reflect  .   (no cloak)
rCorr    .         Harm     .   (no gloves)
MR       .....                  (no boots)
Stlth    ++........             (no amulet)
HPRegen  0.15/turn              n - +3 ring of evasion
MPRegen  0.14/turn              d - +4 ring of strength

@: no status effects
A: no food or potions, fire vulnerability, cold resistance 1, negative energy
resistance 3, torment resistance, unbreathing
a: no special abilities


You were on level 6 of the Dungeon.
You were not hungry.

You visited 1 branch of the dungeon, and saw 7 of its levels.

You collected 229 gold pieces.

Inventory:

Hand Weapons
 b - a +0 dagger
 l - a +0 blowgun
 p - a +0 spear of freezing (weapon)
Missiles
 c - 103 stones (quivered)
 k - 5 silver javelins
 o - 11 poisoned needles
 r - 17 bolts
Armour
 a - a +0 robe (worn)
 f - a +0 buckler
Jewellery
 d - a +4 ring of strength (right hand)
 n - a +3 ring of evasion (left hand)
Wands
 m - a wand of iceblast (5)
Scrolls
 e - a scroll of remove curse
 g - a scroll of enchant armour {unknown}
 h - a scroll of teleportation {unknown}
 i - a scroll of magic mapping
 j - a scroll of identify
 q - a scroll of fog {unknown}


   Skills:
 - Level 2.0 Dodging
 - Level 1.5 Stealth
 + Level 5.9 Spellcasting
 + Level 3.2 Conjurations
 + Level 4.3 Fire Magic


You had 9 spell levels left.
You knew the following spells:

 Your Spells              Type           Power        Failure   Level  Hunger
a - Flame Tongue          Conj/Fire      ###..        2%          1    N/A
b - Conjure Flame         Conj/Fire      ###.....     9%          3    N/A
c - Sticky Flame          Conj/Fire      ###.....     26%         4    N/A

Your spell library contained the following spells:

 Spells                   Type           Power        Failure   Level  Hunger
 Throw Flame              Conj/Fire      ###...       4%          2    N/A
 Inner Flame              Hex/Fire       ##......     16%         3    N/A
 Fireball                 Conj/Fire      ###.......   58%         5    N/A

Dungeon Overview and Level Annotations

Branches:
Dungeon (7/15)             Temple (0/1) D:7

Altars:
Cheibriados
Elyvilon
Sif Muna
Xom


Innate Abilities, Weirdness & Mutations

You do not eat or drink.
Your flesh is vulnerable to fire.
You are immune to poison.
Your flesh is cold resistant. (rC+)
You are immune to negative energy. (rN+++)
You are immune to unholy pain and torment.
You can survive without breathing.


Message History

You reach to attack!
You barely miss the hound.
Casting: Conjure Flame (safe; 9% risk of failure)
Confirm with . or Enter, or press ? or * to list all spells.
Aiming: Flame Tongue (safe; 2% risk of failure)
Press: ? - help, Shift-Dir - straight line, f - cyan ugly thing, p - hound
Aim: a cyan ugly thing The flame tongue misses the cyan ugly thing.
The cyan ugly thing is engulfed in blazing flames.
The cyan ugly thing claws you! The cyan ugly thing shocks you!
Casting: Flame Tongue (safe; 2% risk of failure)
Confirm with . or Enter, or press ? or * to list all spells.
Aiming: Flame Tongue (safe; 2% risk of failure)
Press: ? - help, Shift-Dir - straight line, f/p - cyan ugly thing
Aim: a cyan ugly thing (flame, moderately wounded)
The flame tongue misses the cyan ugly thing.
The cyan ugly thing is engulfed in blazing flames.
The cyan ugly thing claws you!
* * * LOW HITPOINT WARNING * * *
The cyan ugly thing shocks you!
You die...

.##.......#5Z .. .
#.......#.. #.. .#
. ##......#########
#'##
#......#......#
(...#
###....#......#
....#
###..#......#.....#
##.#......#.....#
#.#......uh....#
#.†)....@######
##########


You could see a cyan ugly thing and a hound.

Vanquished Creatures
  An ogre (D:4)
  A centaur (D:7)
  A bullfrog (D:6)
  2 scorpions
  A worker ant zombie (D:6)
  7 gnolls
  6 adders
  3 oozes (D:2)
  A dart slug (D:3)
  3 worms
  6 leopard geckos
  4 orcs (D:3)
  8 bats
  2 giant cockroaches
  9 goblins
  2 hobgoblins
  4 jackals
  4 frilled lizards
  12 kobolds
  A leopard gecko skeleton (D:4)
  9 rats
87 creatures vanquished.

Vanquished Creatures (others)
  A leopard gecko (D:6)
1 creature vanquished.

Grand Total: 88 creatures vanquished

Notes
Turn   | Place    | Note
-------+----------+-------------------------------------------
     0 | D:1      | KleinerIrrer the Mummy Fire Elementalist began the quest
                  | for the Orb.
     0 | D:1      | Reached XP level 1. HP: 13/13 MP: 4/4
   474 | D:1      | Reached XP level 2. HP: 4/19 MP: 0/5
   814 | D:1      | Reached skill level 3 in Spellcasting
  1218 | D:1      | Reached skill level 1 in Conjurations
  1488 | D:2      | Reached XP level 3. HP: 23/24 MP: 2/7
  2076 | D:2      | Found a shimmering altar of Xom.
  2204 | D:2      | Reached XP level 4. HP: 30/30 MP: 4/9
  3468 | D:3      | Reached skill level 4 in Spellcasting
  3490 | D:3      | Learned a level 3 spell: Conjure Flame
  3647 | D:4      | Found a deep blue altar of Sif Muna.
  3811 | D:4      | Noticed an ogre
  3827 | D:4      | Killed an ogre
  3827 | D:4      | Reached XP level 5. HP: 35/35 MP: 2/12
  4041 | D:4      | Found a snail-covered altar of Cheibriados.
  4240 | D:4      | You fall through a shaft for 3 floors!
  4250 | D:7      | Noticed a centaur
  4266 | D:7      | Killed a centaur
  4266 | D:7      | Reached skill level 5 in Spellcasting
  4266 | D:7      | Reached XP level 6. HP: 12/41 MP: 10/13
  4665 | D:6      | Found a white marble altar of Elyvilon.
  4743 | D:5      | Entered Level 5 of the Dungeon
  4913 | D:6      | Noticed a cyan ugly thing
  4933 | D:6      | Reached XP level 7. HP: 43/46 MP: 10/15
  4939 | D:6      | Learned a level 4 spell: Sticky Flame
  5133 | D:6      | Slain by a cyan ugly thing

Skill      XL: |  1  2  3  4  5  6 |
---------------+-------------------+-----
Spellcasting   | 3 4 5 |  5.9
Conjurations   | 1 2 3 |  3.2
Fire Magic     | 3 4 |  4.3
Dodging        | 2 |  2.0
Stealth        | |  1.5

Action                   |  1- 3 |  4- 6 |  7- 9 || total
-------------------------+-------+-------+-------++-------
Melee: Dagger            |     6 |       |       ||     6
       Spear             |       |    24 |     5 ||    29
 Fire: Blowgun           |       |    34 |       ||    34
Throw: Stone             |    49 |    43 |     1 ||    93
 Cast: Flame Tongue      |    84 |   104 |    14 ||   202
       Conjure Flame     |       |     3 |     2 ||     5
Evoke: Wand              |       |     2 |       ||     2
  Use: Scroll            |       |     4 |       ||     4
Armor: Robe              |    11 |     6 |     1 ||    18
Dodge: Dodged            |    45 |    57 |     4 ||   106
Block: Buckler           |     2 |       |       ||     2
